← All builds
Suicide front / Armada / Factory first / OBSERVED BUILD

Standard suicide front

Armada Suicide front build order · Supreme Isthmus

The role's standard play: bot lab first, Rocketeer/Centurion/Pawn based force pushes into the middle to contest and hold it until T2 arrives.

Usually lab first (63%)

#rush #push · 1309 distinct matches · 127 players · 71% of Armada Suicide front games · team won 59% of 1550 · Recently observed

HOW TO PLAY IT

Key timing: Bot Lab by 0:20

  1. Open with mex and wind, drop Bot Lab immediately.
  2. Push out first "Centurion" as Pond's boost lands.
  3. Send "Rocketeer", "Centurion", "Pawn" mix to contest middle.
  4. Add Dragon's Teeth and Sentries to hold the line.
  5. Get Advanced Metal Extractor up as T2 nears.

Phase by phase

TYPICAL OF ITS 1309 GAMES
  1. 1
  2. 2
  3. 3
PLAY THE OPENING

Follow the example game's first 6:00 step by step: what to build now, what comes next, and where it goes. At 1× it keeps pace with your own game.

  1. 1

    Bot Lab first

    Order
    1. Bot LabBot Lab done ~0:20, middle half 0:20–0:33

    Some games also: mex (37%)

  2. 2

    Bot Lab to 5:00

    Economy
    • Metal Extractor5Mex
    • Wind Turbine4Wind
    Builders
    • Construction Bot3 Con bot
    • Lazarus2 Lazarus
    Army
    • Sentry4 Sentry
    • Rocketeer17 Rocketeer
    • Tick2 Tick
    • Centurion1 Centurion
    Other
    • Radar Tower1 Radar Tower

    Some games also: con turret (35%) · pawn (33%)

    By 5:00 in all: 5 mex · 4 wind

    The example game in this phase · 32 steps
    1. Construction BotCon bot
    2. Mex
    3. Wind ×3
    4. CenturionCenturion
    5. Mex
    6. SentrySentry
    7. Construction BotCon bot
    8. Mex
    9. Construction BotCon bot
    10. Mex
    11. LazarusLazarus
    12. Radar TowerRadar Tower
    13. SentrySentry
    14. LazarusLazarus
    15. Wind
    16. RocketeerRocketeer ×3
    17. Wind
    18. RocketeerRocketeer ×2
    19. Wind
    20. RocketeerRocketeer ×3
    21. Wind
    22. RocketeerRocketeer ×3
    23. Wind
    24. RocketeerRocketeer ×3
    25. Wind
    26. Construction BotCon bot ×2
    27. Wind
    28. RocketeerRocketeer
    29. Construction BotCon bot
    30. Wind
    31. CenturionCenturion
    32. Construction BotCon bot
  3. 3

    5:00 to 10:00

    Economy
    • Metal Extractor1Mex
    • Wind Turbine17Wind
    Builders
    • Construction Turret2 Con turret
    • Lazarus2 Lazarus
    • Construction Bot1 Con bot
    Army
    • Sentry1 Sentry
    • Rocketeer8 Rocketeer
    • Pawn1 Pawn

    Some games also: tick (47%) · Radar Tower (46%) · energy storage (46%) · centurion (45%) · Beamer (39%)

    By 10:00 in all: 6 mex · 23 wind · 1 energy storage · 3 con turret

    The example game in this phase · 177 steps
    1. Wind
    2. Construction BotCon bot
    3. Energy storage
    4. LazarusLazarus
    5. Wind
    6. LazarusLazarus
    7. RocketeerRocketeer ×2
    8. Wind
    9. RocketeerRocketeer ×3
    10. Wind
    11. RocketeerRocketeer ×4
    12. Wind
    13. RocketeerRocketeer ×2
    14. Mex
    15. RocketeerRocketeer
    16. Wind
    17. Construction BotCon bot
    18. BeamerBeamer
    19. CenturionCenturion
    20. Construction BotCon bot
    21. Wind
    22. LazarusLazarus
    23. CenturionCenturion
    24. CrossbowCrossbow ×3for Pond
    25. Wind
    26. CrossbowCrossbow ×2for Pond
    27. CenturionCenturion
    28. Wind
    29. CenturionCenturion ×2
    30. Wind
    31. CenturionCenturion ×2
    32. Con turret
    33. CenturionCenturion
    34. Wind
    35. CenturionCenturion
    36. Wind
    37. CenturionCenturion
    38. Con turret
    39. Wind
    40. CenturionCenturion
    41. Converter
    42. Advanced Metal ExtractorT2 mexdone 10:49 · typical 9:36
    43. Wind ×4
    44. Converter
    45. Wind ×2
    46. Converter
    47. Wind ×2
    48. Converter
    49. Wind
    50. Converter
    51. Wind ×2
    52. Advanced Metal ExtractorT2 mex
    53. Wind
    54. Converter
    55. Wind ×4
    56. Bot LabBot Labdone 11:39
    57. Converter
    58. Advanced Metal ExtractorT2 mex
    59. Wind
    60. TickTick
    61. Wind ×2
    62. TickTick ×4
    63. Wind
    64. TickTick ×3
    65. Wind
    66. TickTick
    67. Converter
    68. TickTick ×2
    69. Wind
    70. TickTick ×2
    71. Wind
    72. TickTick
    73. Wind
    74. TickTick ×2
    75. Wind
    76. Con turret
    77. TickTick
    78. Converter
    79. TickTick
    80. Wind
    81. TickTick ×2
    82. Wind
    83. TickTick
    84. Wind
    85. TickTick
    86. Con turret
    87. TickTick
    88. Wind
    89. TickTick
    90. Wind
    91. TickTick
    92. Converter
    93. TickTick
    94. Con turret
    95. Wind
    96. TickTick
    97. Wind
    98. TickTick
    99. Wind
    100. TickTick ×2
    101. Con turret
    102. Wind
    103. TickTick ×2
    104. Wind ×2
    105. TickTick ×2
    106. Converter
    107. TickTick ×4
    108. Wind
    109. LazarusLazarus
    110. Wind
    111. LazarusLazarus
    112. Wind
    113. LazarusLazarus
    114. Wind ×2
    115. TickTick ×2
    116. Converter
    117. TickTick ×4
    118. Wind
    119. TickTick ×2
    120. Wind
    121. TickTick ×2
    122. Wind
    123. TickTick ×2
    124. Wind
    125. TickTick ×2
    126. Wind
    127. Converter
    128. TickTick ×4
    129. Wind
    130. TickTick ×2
    131. Wind
    132. TickTick ×3
    133. Wind
    134. TickTick ×2
    135. Wind
    136. TickTick ×2
    137. Converter
    138. TickTick
    139. Radar TowerRadar Tower
    140. Wind
    141. TickTick
    142. Advanced Metal ExtractorT2 mex
    143. TickTick ×3
    144. Wind
    145. TickTick ×3
    146. Wind
    147. TickTick ×3
    148. Wind
    149. TickTick ×3
    150. Wind
    151. TickTick
    152. Wind
    153. TickTick ×3
    154. Converter
    155. TickTick ×2
    156. JunoJuno
    157. TickTick
    158. Converter
    159. TickTick ×2
    160. Fortification WallFortification Wall
    161. TickTick
    162. Wind
    163. TickTick
    164. Fortification WallFortification Wall
    165. Wind
    166. TickTick
    167. Wind
    168. TickTick
    169. Fortification WallFortification Wall
    170. Wind
    171. TickTick
    172. Fortification WallFortification Wall
    173. Wind
    174. Con turret
    175. TickTick
    176. Fortification WallFortification Wall
    177. TickTick ×2

Counts are medians over the build's games: half of them build more, half fewer. The example game is PixelPeeker's (44 OS, 08/09/2026); pick another.

Team trades

IN AT LEAST 30% OF ITS GAMES

You hand over

Nothing regular.

You get

  • Tidal Generator4 Tidal from Pondfirst at 0:10 · in 69% of games
  • Advanced Construction Bot1 T2 con bot from Geo or Techfirst at 7:30 · in 59% of games

How it plays out

Typical game of this build, running totals by minute

Metal produced

010k20k30k
0:005:0010:0015:00

metal

Enemy metal destroyed

05k10k
0:005:0010:0015:00

metal

Own metal lost

05k10k
0:005:0010:0015:00

metal

1550 games.

Show as table
ByMetal produced: This buildEnemy metal destroyed: This buildOwn metal lost: This build
1:0022600
2:0088900
3:002051180106
4:003161660496
5:00424314171026
6:00543423001787
7:00667231752706
8:00792440303613
9:00931647974495
10:001069854325318
11:001225359116059
12:001410665186829
13:001622670297536
14:001809577098373
15:002043283489240
WHAT THE NUMBERS SAY

Standard suicide front play wins slightly more than half its games with fast kills but also fast losses, matching the raw grind of the role.

  • + First kill lands by 2:04 in all games
  • + Metal produced reaches 19882 by 15:00
  • − Own metal lost hits 9208 by 15:00, near metal destroyed of 8172
  • − First unit lost as early as 2:08 in every game
THE EXAMPLE YOU ARE READING

PixelPeeker

44.1 OS · 08/09/2026

Open source match ↗

6 received units · includes a constructor
516 metal received · 58561 energy received

Allied construction assistance is unknown. Timings are observations, not a promise of solo reproducibility.

Typical milestones

Bot Lab0:20Middle 50%: 0:20–0:33 · n=1543
Advanced Metal Extractor9:36Middle 50%: 8:42–10:48 · n=1143

Played most by

_X_253games of this buildPlatinumBlonde181games of this buildXad127games of this buildImmort74games of this buildwatermeloans60games of this build